← All builds
Front / Armada / Economy first / OBSERVED BUILD

Standard front

Standard economy-first Front play: Bot Lab and Vehicle Plant almost immediately, Advanced Metal Extractor around 9 minutes, with a mixed T1 army of Blitz, Rocketeer, Pawn and Janus sent to hold the wider gap and then middle.

#eco · 935 distinct matches · 127 players · 75% of Armada Front games · team won 63% of 1063 · Recently observed

HOW TO PLAY IT

Key timing: Vehicle Plant by 0:47

  1. Open 3 mex then Bot Lab and Vehicle Plant almost together.
  2. Layer wind while both labs start producing.
  3. Send early units to coast first to stop leaks, not middle.
  4. Add Construction Turrets as "Blitz", "Rocketeer", "Janus" mix builds up.
  5. Transition into Advanced Metal Extractor once T2 con is out.

Phase by phase

TYPICAL OF ITS 935 GAMES
  1. 1
  2. 2
  3. 3
PLAY THE OPENING

Follow the example game's first 6:00 step by step: what to build now, what comes next, and where it goes. At 1× it keeps pace with your own game.

  1. 1

    Up to the Bot Lab

    Economy
    • Metal Extractor2Mex
    • Wind Turbine1Wind
    Order
    1. Bot LabBot Lab after 3 mex, 1 winddone ~0:45, middle half 0:35–8:30

    Some games also: Vehicle Plant (41%)

    By 0:28 in all: 2 mex · 1 wind

    The example game in this phase · 2 steps
    1. Mex ×3
    2. Bot LabBot Labdone 0:44 · typical 0:45
  2. 2

    Bot Lab to 5:00

    Economy
    • Metal Extractor4Mex
    • Wind Turbine3Wind
    Army
    • Sentry1 Sentry

    Some games also: rocketeer (46%) · con bot (45%) · Lazarus (44%) · tick (40%) · centurion (37%)

    By 5:00 in all: 6 mex · 7 wind

    The example game in this phase · 28 steps
    1. TickTick
    2. Wind
    3. TickTick
    4. TickTickfor Pond
    5. LazarusLazarus
    6. Wind
    7. Construction BotCon bot
    8. Wind
    9. Construction BotCon bot ×2
    10. TickTickfor Pond
    11. TickTick ×3
    12. Mex
    13. CenturionCenturion
    14. RocketeerRocketeer ×2
    15. Mex
    16. RocketeerRocketeer ×5
    17. Mex
    18. RocketeerRocketeer ×5
    19. TickTick
    20. RocketeerRocketeer ×2
    21. Mex
    22. SentrySentry
    23. RocketeerRocketeer ×2
    24. Construction BotCon bot ×2
    25. Con turret
    26. RocketeerRocketeer
    27. TickTick
    28. RocketeerRocketeer ×2
  3. 3

    5:00 to 10:00

    Economy
    • Metal Extractor1Mex
    • Wind Turbine14Wind
    Builders
    • Construction Turret2 Con turret
    Army
    • Sentry1 Sentry

    Some games also: energy storage (46%) · blitz (39%) · rocketeer (39%) · pawn (36%) · Lazarus (35%)

    By 10:00 in all: 7 mex · 25 wind · 1 energy storage · 3 con turret

    The example game in this phase · 154 steps
    1. RocketeerRocketeer
    2. Solar
    3. TickTick ×3
    4. RocketeerRocketeer
    5. Wind ×4
    6. RocketeerRocketeer
    7. LazarusLazarus
    8. Mex
    9. Wind
    10. RocketeerRocketeer
    11. Wind
    12. RocketeerRocketeer
    13. Wind
    14. RocketeerRocketeer
    15. Wind
    16. Mex
    17. Construction BotCon bot
    18. Wind ×2
    19. RocketeerRocketeer
    20. Wind
    21. RocketeerRocketeer
    22. Wind ×2
    23. RocketeerRocketeer
    24. Wind
    25. RocketeerRocketeer
    26. Converter
    27. Wind
    28. Converter
    29. Wind
    30. RocketeerRocketeer
    31. Wind
    32. RocketeerRocketeer
    33. Wind
    34. RocketeerRocketeer
    35. TickTick
    36. Wind
    37. TickTick ×2
    38. Wind
    39. TickTick ×2
    40. BeamerBeamer
    41. Wind
    42. TickTick ×3
    43. Wind
    44. RocketeerRocketeer
    45. Wind
    46. RocketeerRocketeer
    47. Wind
    48. RocketeerRocketeer
    49. Wind
    50. RocketeerRocketeer
    51. Wind
    52. TickTick ×4
    53. Wind
    54. Con turret
    55. Converter
    56. Energy storage
    57. TickTick ×2
    58. Wind
    59. TickTick
    60. Dragon's TeethDragon's Teeth ×3
    61. TickTick
    62. Wind ×2
    63. Dragon's TeethDragon's Teeth
    64. Con turret
    65. Dragon's TeethDragon's Teeth
    66. Mex
    67. TickTick ×2
    68. Wind
    69. CenturionCenturion
    70. Wind
    71. CenturionCenturion
    72. Wind
    73. SentrySentry
    74. Con turret
    75. Wind ×2
    76. SentrySentry
    77. Wind
    78. Vehicle PlantVehicle Plantdone 10:11 · typical 0:47
    79. CenturionCenturion
    80. Wind
    81. SentrySentry
    82. Wind ×5
    83. CenturionCenturion
    84. Wind ×4
    85. LazarusLazarus
    86. Wind
    87. TickTick
    88. Converter
    89. Wind
    90. Converter
    91. TickTick
    92. Mex
    93. Wind
    94. TickTick
    95. Wind
    96. TickTick
    97. Wind
    98. TickTick
    99. Wind
    100. TickTick
    101. Wind
    102. TickTick
    103. Converter
    104. Wind
    105. TickTick
    106. Wind
    107. BlitzBlitz ×2
    108. TickTick
    109. Wind
    110. Converter
    111. TickTick
    112. BeamerBeamer
    113. TickTick
    114. Converter
    115. Advanced Metal ExtractorT2 mexdone 11:24 · typical 8:52
    116. TickTick
    117. BlitzBlitz
    118. TickTick
    119. Wind
    120. TickTick
    121. Converter ×2
    122. Wind
    123. Converter
    124. PawnPawn
    125. Converter
    126. Wind
    127. Converter
    128. Wind
    129. Converter
    130. BlitzBlitz ×2
    131. Wind
    132. Converter
    133. Advanced Metal ExtractorT2 mex
    134. BlitzBlitz
    135. Wind
    136. Converter
    137. BeamerBeamer
    138. Wind
    139. BlitzBlitz
    140. Wind
    141. Converter
    142. Wind
    143. BlitzBlitz
    144. Wind
    145. BlitzBlitz ×2
    146. Wind
    147. BlitzBlitz ×2
    148. Wind
    149. BlitzBlitz
    150. Advanced Metal ExtractorT2 mex
    151. BlitzBlitz
    152. Wind ×2
    153. BlitzBlitz
    154. Wind

Counts are medians over the build's games: half of them build more, half fewer. The example game is confirm_'s (61 OS, 26/08/2026); pick another.

Team trades

IN AT LEAST 30% OF ITS GAMES

You hand over

Nothing regular.

You get

  • Tidal Generator4 Tidal from Pondfirst at 0:18 · in 68% of games
  • Advanced Construction Bot1 T2 con bot from Geo or Techfirst at 7:17 · in 67% of games

How it plays out

Typical game of this build, running totals by minute

Metal produced

010k20k30k
0:005:0010:0015:00

metal

Enemy metal destroyed

05k10k
0:005:0010:0015:00

metal

Own metal lost

05k10k
0:005:0010:0015:00

metal

1063 games.

Show as table
ByMetal produced: This buildEnemy metal destroyed: This buildOwn metal lost: This build
1:0033300
2:008462131
3:001624140105
4:002712540333
5:0038681188813
6:00507620991526
7:00631429842459
8:00766238713365
9:00908746324312
10:001066653085060
11:001260858195701
12:001481563136521
13:001744069817256
14:002018375848093
15:002263083948939
WHAT THE NUMBERS SAY

Standard Front play wins more often than suicide front and produces more metal by 15:00, reflecting its safer positioning.

  • + Metal produced reaches 22219 by 15:00, above suicide front's 19882
  • + Own losses of 8949 stay under enemy metal destroyed's near-equal 8347
  • − First unit lost by 1:44 shows exposure even from the safer side
  • − Wider gap to defend demands disciplined coast-then-mid unit movement
THE EXAMPLE YOU ARE READING

confirm_

61.0 OS · 26/08/2026

Open source match ↗

4 received units · includes a constructor
179 metal received · 16028 energy received

Allied construction assistance is unknown. Timings are observations, not a promise of solo reproducibility.

Typical milestones

Bot Lab0:45Middle 50%: 0:35–8:30 · n=670
Vehicle Plant0:47Middle 50%: 0:37–0:59 · n=753
Advanced Metal Extractor8:52Middle 50%: 8:00–10:03 · n=845

Played most by

Hummell91games of this buildhaaven82games of this buildLeohvm79games of this buildXad62games of this buildImmort36games of this build